 Dungeon Crawl Stone Soup version 0.15-a0-2198-g7f377d1 (webtiles) character file.

91 Ololoev the Vexing (level 4, -4/21 HPs)
             Began as a Spriggan Enchanter on July 23, 2014.
             Slain by a gnoll
             ... wielding a +0 spear
              (5 damage)
             ... on Level 3 of the Dungeon.
             The game lasted 00:11:55 (2284 turns).

Ololoev the Vexing (Spriggan Enchanter)             Turns: 2284, Time: 00:11:56

HP  -4/21        AC  3     Str  4      XL: 4   Next: 34%
MP  10/13        EV 18     Int 21      God:
Gold 90          SH  0     Dex 17      Spells:  3 memorised,  3 levels left

rFire  . . .     SeeInvis +     a - +1 dagger
rCold  . . .     Clarity  .     b - +1 robe
rNeg   . . .     rCorr    .     (shield restricted)
rPois  +         rRot     .     (helmet restricted)
rElec  .         Spirit   .     (no cloak)
SustAb .         Warding  .     (gloves unavailable)
rMut   .         Stasis   .     (boots unavailable)
Gourm  .                        (no amulet)
MR     .....                    (no ring)
                                p - ring of poison resistance

@: brilliant, very quick, not resistant to hostile enchantments, fairly stealthy
A: unfitting armour, see invisible, herbivore 3, speed 3, slow metabolism 2
a: no special abilities


You were on level 3 of the Dungeon.
You were not hungry.

You visited 1 branch of the dungeon, and saw 3 of its levels.

You collected 90 gold pieces.

Inventory:

Hand weapons
 a - a +1 dagger (weapon)
Armour
 b - a +1 robe (worn)
Comestibles
 m - 2 bread rations
 r - a slice of pizza
Scrolls
 e - a scroll of remove curse
 g - a scroll of recharging {unknown}
 h - a scroll of fear {unknown}
 k - a scroll of magic mapping {unknown}
 n - a scroll of identify
 o - a scroll of enchant weapon {unknown}
Jewellery
 p - a ring of poison resistance (left hand)
Potions
 d - a potion of porridge
 j - a potion of cancellation
 l - 2 potions of haste
Books
 c - a book of Maledictions

   Spells                             Type                      Level
   *Corona                            Hexes                        1
   Sure Blade                         Hexes/Charms                 2
   *Ensorcelled Hibernation           Hexes/Ice                    2
   Confuse                            Hexes                        3
   *Dazzling Spray                    Conjuration/Hexes            3
   Enslavement                        Hexes                        4


   Skills:
 - Level 2.5 Short Blades
 - Level 3.0 Dodging
 - Level 4.4 Stealth
 * Level 3.1 Spellcasting
 - Level 5.4 Hexes


You had 3 spell levels left.
You knew the following spells:

 Your Spells              Type           Power        Failure   Level  Hunger
a - Corona                Hex            #####..      1%          1    None
b - Ensorcelled Hibernat  Hex/Ice        ####..       1%          2    ##.....
c - Dazzling Spray        Conj/Hex       ####....     2%          3    ###....


Dungeon Overview and Level Annotations

Branches:
Dungeon (3/15)

Altars:


Innate Abilities, Weirdness & Mutations

You are tiny and cannot use many weapons and most armour.
You have supernaturally acute eyesight.
You are a herbivore.
You cover ground extremely quickly.
You need consume almost no food.


Message History

Identify which item? (\ to view known items) (? for menu, Esc to quit)
l - 2 potions of haste The gnoll barely misses you.
Drink which item? (? for menu, Esc to quit)
It was a potion of cancellation.
The gnoll misses you. The gnoll closely misses you.
Drink which item? (? for menu, Esc to quit)
You feel clever all of a sudden.
It was a potion of brilliance.
The gnoll completely misses you. The gnoll barely misses you.
Drink which item? (? for menu, Esc to quit)
Okay, then.
Read which item? (? for menu, Esc to quit)
As you read the scroll labeled PYRAIQAAHESS, it crumbles to dust.
You hear a loud clanging noise!
It was a scroll of noise.
You hear an angry hiss.
You hear a zap.
Some rock shatters into small pieces.
The gnoll barely misses you.
The gnoll hits you from afar with a spear.
You die...

######
#.g..#
#.##@#
#g##g# #
#...<#
#.####)..#
#...r....#
#......###
.........##
#.........#
#.........#


You could see 2 gnolls.

Vanquished Creatures
  4 gnolls
  An adder (D:2)
  A giant mite (D:2)
  A worm (D:2)
  2 oozes (D:1)
  5 bats
  7 hobgoblins
  A quokka (D:2)
  A ball python (D:2)
  A giant newt (D:1)
  4 goblins
  2 kobolds
  8 rats
38 creatures vanquished.

Notes
Turn   | Place    | Note
--------------------------------------------------------------
     0 | D:1      | Ololoev, the Spriggan Enchanter, began the quest for the Orb.
     0 | D:1      | Reached XP level 1. HP: 9/9 MP: 4/4
   492 | D:1      | Reached XP level 2. HP: 13/13 MP: 5/7
   496 | D:1      | Learned a level 2 spell: Ensorcelled Hibernation
  1272 | D:2      | Reached XP level 3. HP: 16/16 MP: 0/9
  1468 | D:2      | Reached skill level 5 in Hexes
  1840 | D:2      | Reached XP level 4. HP: 10/21 MP: 1/12
  2215 | D:2      | Learned a level 3 spell: Dazzling Spray
  2280 | D:3      | HP: 1/21 [gnoll/spear (6)]
  2284 | D:3      | Slain by a gnoll

Action                   |  1- 3 |  4- 6 || total
-------------------------+-------+-------++-------
Melee: Dagger            |    93 |    16 ||   109
 Cast: Corona            |     4 |       ||     4
       Ensorcelled Hiber |    16 |     6 ||    22
  Use: Scroll            |       |     4 ||     4
       Potion            |       |     2 ||     2
 Stab: Sleeping          |    15 |     3 ||    18
